 Dungeon Crawl Stone Soup version 0.23-a0-808-gd21de94 (webtiles) character file.

142 MalarOregon the Poker (level 5, 0/41 HPs)
             Began as a Merfolk Gladiator on Jan 20, 2019.
             Slain by a frilled lizard (1 damage)
             ... on level 3 of the Dungeon.
             The game lasted 00:03:55 (1902 turns).

MalarOregon the Poker (Merfolk Gladiator)           Turns: 1902, Time: 00:03:56

Health: 0/41       AC:  4    Str: 13 (14) XL:     5   Next: 25%
Magic:  14/14      EV: 14    Int:  5 (8)  God:
Gold:   130        SH:  0    Dex: 13 (16) Spells: 4/4 levels left

rFire    . . .     SeeInvis .   a - +0 trident
rCold    . . .     Gourm    .   (no shield)
rNeg     + . .     Faith    .   b - +0 leather armour
rPois    .         Spirit   .   c - +0 helmet
rElec    .         Reflect  .   (no cloak)
rCorr    .         Harm     .   (no gloves)
MR       .....                  (no boots)
Stlth    +.........             (no amulet)
HPRegen  0.13/turn              p - ring of magical power
MPRegen  0.14/turn              n - ring of positive energy

@: lethally poisoned (0 -> -11)
A: change form in water, swift swim, stealthy swim
a: no special abilities


You were on level 3 of the Dungeon.
You were hungry.

You visited 1 branch of the dungeon, and saw 3 of its levels.

You collected 130 gold pieces.

Inventory:

Hand Weapons
 a - a +0 trident (weapon)
Missiles
 d - 3 throwing nets {!f}
 k - 52 stones (quivered)
Armour
 b - a +0 leather armour (worn)
 c - a +0 helmet (worn)
Jewellery
 n - a ring of positive energy (right hand)
   (You found it on level 2 of the Dungeon)
 p - a ring of magical power (left hand)
   (You found it on level 2 of the Dungeon)
Scrolls
 g - a scroll of fear {unknown}
 j - a scroll of remove curse {unknown}
 l - a scroll of blinking {unknown}
 o - a scroll of random uselessness {unknown}
 q - a scroll of noise {unknown}
 r - 4 scrolls of enchant armour {unknown}
 t - a scroll of identify {unknown}
 u - a scroll of amnesia {unknown}
Potions
 h - 2 potions of degeneration {!q}
 i - a potion of might
 s - a potion of agility
 v - a potion of curing {unknown}
Comestibles
 e - 6 rations {!d}
 f - 9 chunks of flesh


   Skills:
 * Level 3.4 Fighting
 * Level 5.5 Polearms
 + Level 2.6 Throwing
 + Level 0.8 Armour
 * Level 5.2 Dodging


You had 4 spell levels left.
You didn't know any spells.
Your spell library was empty.

Dungeon Overview and Level Annotations

Branches:
Dungeon (3/15)

Altars:


Message History

The poisoned needle closely misses you.
Attack whom?
Aim: a kobold, wielding a +0 blowgun (moderately wounded)
You reach to attack!
You hit the kobold.
* * * LOW HITPOINT WARNING * * *
You feel sick.
The kobold shoots a poisoned needle.
The poisoned needle closely misses you.
Attack whom?
Aim: a kobold, wielding a +0 blowgun (heavily wounded)
You reach to attack!
You hit the kobold but do no damage.
* * * LOW HITPOINT WARNING * * *
You feel very sick.
Attack whom?
Aim: a kobold, wielding a +0 blowgun (heavily wounded)
You barely miss the kobold.
* * * LOW HITPOINT WARNING * * *
You feel sick.
The kobold unwields a +0 blowgun.
The kobold hits you.
* * * LOW HITPOINT WARNING * * *
You hit the kobold.
You kill the kobold!
* * * LOW HITPOINT WARNING * * *
You feel sick.
Unknown command.
A frilled lizard comes into view.
* * * LOW HITPOINT WARNING * * *
You feel sick.
Found a ring of magical power.
Things that are here:
a +0 blowgun; 4 poisoned needles; a kobold corpse It was a potion of degeneration.
There was something very wrong with that liquid.
You feel weakened.
You feel dopey.
You feel clumsy.
* * * LOW HITPOINT WARNING * * *
You feel sick.
It was a potion of might.
You feel very mighty all of a sudden.
* * * LOW HITPOINT WARNING * * *
You feel sick.
The frilled lizard hisses angrily.
It was a potion of agility.
You feel agile all of a sudden.
* * * LOW HITPOINT WARNING * * *
You feel sick.
It was a potion of cancellation.
Your magical effects are unravelling.
You feel magically purged.
You feel a little less mighty now.
You feel a little less agile now.
* * * LOW HITPOINT WARNING * * *
You feel sick. The frilled lizard bites you.
You die...

.#.# .#.# .... .#.#
...# .#.## =..#
.#..######### ...#
>...........#####...###
###.#######.#... .....#
#.# ####.#.###l..#
#.####...%(.((@..#
#..รท...####.#.####
######......#.#
#.######.# #.# #.# #.#
#.# #.# #.# #.# #.# ..


You could see a frilled lizard.

Vanquished Creatures
  An orc wizard (D:3)
  3 adders
  3 worms
  4 dart slugs
  2 leopard geckos
  3 orcs (D:3)
  A ball python (D:2)
  9 bats
  5 giant cockroaches
  2 goblins (D:1)
  8 hobgoblins
  2 jackals (D:1)
  3 quokkas
  4 frilled lizards
  8 kobolds
  7 rats
65 creatures vanquished.

Notes
Turn   | Place    | Note
-------+----------+-------------------------------------------
     0 | D:1      | MalarOregon the Merfolk Gladiator began the quest for the
                  | Orb.
     0 | D:1      | Reached XP level 1. HP: 16/16 MP: 1/1
    62 | D:1      | Reached XP level 2. HP: 9/23 MP: 2/2
   379 | D:1      | Reached XP level 3. HP: 28/28 MP: 3/3
   940 | D:2      | Reached skill level 5 in Polearms
  1041 | D:2      | Reached XP level 4. HP: 34/34 MP: 4/4
  1171 | D:2      | Reached skill level 5 in Dodging
  1474 | D:3      | Reached XP level 5. HP: 21/41 MP: 5/5
  1757 | D:3      | Found a faded altar of an unknown god.
  1901 | D:3      | HP: 2/41 [poisoned by a kobold]
  1902 | D:3      | Slain by a frilled lizard

Vault maps used:
D:1:      wheals_arrival_shading
D:2:      chequers_serial_rivers_room_b, kennysheep_generic_room_13
D:3:      marbit_many_paths, first_ration, chequers_ecumenical_altar_island

Skill      XL: |  1  2  3  4 |
---------------+-------------+-----
Polearms       | 5 |  5.5
Fighting       | 3 |  3.4
Dodging        | 5 |  5.2
Throwing       | |  2.6
Armour         | |  0.8

Action                   |  1- 3 |  4- 6 || total
-------------------------+-------+-------++-------
Melee: Trident           |   121 |   117 ||   238
Throw: Stone             |     9 |       ||     9
  Use: Potion            |       |     4 ||     4
 Stab: Sleeping          |     1 |       ||     1
  Eat: Chunk             |     1 |     2 ||     3
Armor: Leather armour    |    27 |    17 ||    44
Dodge: Dodged            |    93 |    69 ||   162

Table legend:
 A = Non-vault XP
 B = Vault XP
 C = Vault XP percentage of total XP
 D = Non-vault monster count
 E = Vault monster count
 F = Vault count percentage of total count
                 A         B        C        D         E       F
            +---------+---------+-------+---------+---------+-------
      Total |     203 |       1 |   0.5 |      64 |       1 |   1.5
            +---------+---------+-------+---------+---------+-------
        D:1 |      47 |       0 |   0.0 |      25 |       0 |   0.0
        D:2 |      65 |       1 |   1.5 |      25 |       1 |   3.8
        D:3 |      91 |       0 |   0.0 |      14 |       0 |   0.0
            +---------+---------+-------+---------+---------+-------
